 Dungeon Crawl Stone Soup version 0.30-a0-595-g91969c0fa5 (webtiles) character file.

Game seed: 794995195532892277

2967 Leeroy the Martial Artist (level 9, 0/68 (70) HPs)
             Began as a Merfolk Transmuter on Jan 6, 2023.
             Slain by a wight
             ... wielding a +5 flail
              (14 damage)
             ... on level 7 of the Dungeon.
             The game lasted 00:19:19 (8435 turns).

Leeroy the Martial Artist (Merfolk Transmuter)      Turns: 8435, Time: 00:19:20

HP:   0/68 (70)     AC:  6    Str: 10    XL:     9   Next: 82%
MP:   11/12         EV: 10    Int: 16    God:
Gold: 105           SH:  0    Dex: 15    Spells: 2/12 levels left

rFire   x . .      SeeInvis .      - Unarmed
rCold   + + +      Faith    .    (shield currently unavailable)
rNeg    . . .      Spirit   .    (body armour currently unavailable)
rPois   +          Reflect  .    (helmet currently unavailable)
rElec   .          Harm     .    (cloak currently unavailable)
rCorr   .          Rampage  .    (gloves currently unavailable)
Will    .....                    (boots currently unavailable)
Stlth   +                        x - amulet of regeneration
HPRegen 1.11/turn                (no ring)
MPRegen 0.13/turn                (no ring)

@: ice-form, hasted, lightly drained, very quick
A: freezing attack, boosted hp, large, (nimble swimmer 2), (mertail)
a: End Transformation


You were on level 7 of the Dungeon.
You were a creature of crystalline ice.
You visited 2 branches of the dungeon, and saw 8 of its levels.

You collected 457 gold pieces.
You spent 352 gold pieces at shops.

Inventory:

Hand Weapons
 b - a +4 short sword of venom
 s - a +2 hammer of holy wrath
 t - a +2 heavy hammer
 u - the +9 hammer "Vimn" {drain, Str+3}
   (You found it on level 2 of the Dungeon)

   Str:       It affects your strength (+3).
 y - a +0 vampiric dagger
 C - a +1 flail of holy wrath
 D - a +0 dagger of venom
 G - a +1 whip of pain
 N - a +3 dagger of freezing
Missiles
 J - 2 throwing nets
Armour
 a - a +0 robe
 l - a +1 helmet (melded)
 r - +0 steam dragon scales (melded)
Magical Staves
 h - a staff of fire
Jewellery
 x - an amulet of regeneration (around neck)
 M - a ring of fire
Wands
 F - a wand of mindburst (13)
 H - a wand of roots (18)
Scrolls
 d - a scroll of noise {unknown}
 e - 5 scrolls of identify {unknown}
 f - a scroll of magic mapping {unknown}
 i - 2 scrolls of vulnerability {unknown}
 j - a scroll of brand weapon {unknown}
 o - a scroll of fog {unknown}
 p - 2 scrolls of torment {unknown}
 v - 2 scrolls of immolation {unknown}
 w - 3 scrolls of amnesia {unknown}
 z - 3 scrolls of teleportation {unknown}
 B - a scroll of enchant armour {unknown}
 E - a scroll of butterflies {unknown}
 K - a scroll of poison {unknown}
 L - a scroll of enchant weapon {unknown}
Potions
 c - 6 potions of curing {unknown}
 g - a potion of heal wounds {unknown}
 k - a potion of haste
 m - a potion of attraction {unknown}
 n - a potion of invisibility {unknown}
 q - 2 potions of berserk rage {unknown}
 A - 3 potions of mutation {unknown}
 I - a potion of brilliance {unknown}


   Skills:
 - Level 1.1 Fighting
 - Level 2.6 Dodging
 + Level 12.9 Unarmed Combat
 - Level 2.0 Spellcasting
 * Level 9.1 Transmutations


You had 2 spell levels left.
You knew the following spells:

 Your Spells              Type           Power      Damage    Failure   Level
a - Beastly Appendage     Tmut           60%        N/A       1%          1
b - Spider Form           Tmut/Pois      16%        N/A       10%         3
c - Ice Form              Ice/Tmut       16%        N/A       32%         4
d - Wereblood             Tmut           30%        N/A       1%          2

Your spell library contained the following spells:

 Spells                   Type           Power      Damage    Failure   Level
 Blink                    Tloc           2%         N/A       30%         2
 Ensorcelled Hibernation  Hex/Ice        2%         N/A       30%         2
 Airstrike                Air            0%         2d(1-17)  90%         4
 Anguish                  Hex/Necr       0%         N/A       90%         4
 Manifold Assault         Tloc           1%         N/A       90%         4
 Summon Lightning Spire   Summ/Air       1%         N/A       90%         4
 Lightning Bolt           Conj/Air       0%         1d11      99%         5
 Storm Form               Tmut/Air       8%         N/A       100%        7


Dungeon Overview and Level Annotations

Branches:
Dungeon (7/15)             Temple (1/1) D:7

Altars:
Ashenzari
Cheibriados
Dithmenos
Elyvilon
Fedhas
Gozag
Hepliaklqana
Kikubaaqudgha
Makhleb
Nemelex Xobeh
Okawaru
Qazlal
Ru
Sif Muna
Uskayaw
Vehumet
Xom
Yredelemnul
Zin
The Shining One

Shops:
D:5 :

Annotations:
D:1 Crazy Yiuf


Innate Abilities, Weirdness & Mutations

You are a creature of crystalline ice.
You have a powerful freezing melee attack.
Your maximum health is increased.
Your armour is entirely melded.
You are incapable of wielding weapons or throwing items.
((You are very nimble when in or above water. (Stealth+, EV+, Speed+++)))
((Your lower body shifts to a powerful aquatic tail in water.))


Message History

You barely miss the wight. The wight misses you.
You pummel the wight!! You freeze the wight.
You destroy the wight!
Your Transmutations skill increases to level 9!
e - 5 scrolls labelled KAREIHUNOGORCH (gained 1)
There is an open door here.
Things that are here:
a +3 dagger of freezing; a +0 ring mail
N - a +3 dagger of freezing A wight comes into view.
It is wielding a +3 battleaxe and carrying a wand of flame (10).
The wight zaps a wand.
The puff of flame hits you! The fire burns you terribly!
A wight comes into view. It is wielding a +2 vampiric war axe.
The wight zaps a wand.
The puff of flame hits you! The fire burns you terribly!
The wight zaps a wand.
The puff of flame hits you! The fire burns you terribly!
You hit the wight but do no damage. You hit the wight.
The wight is lightly damaged.
The wight barely misses you.
You punch the wight!
The wight is heavily damaged.
The wight barely misses you.
You barely miss the wight.
The wight is heavily damaged.
The wight zaps a wand.
The puff of flame hits you! The fire burns you terribly!
The wight hits you with a +5 flail!
You feel drained.
You punch the wight!
You destroy the wight!
The wight barely misses you. The wight attacks as you move away!
The wight hits you with a +5 flail!
* * * LOW HITPOINT WARNING * * *
The wight barely misses you. The wight attacks as you move away!
The wight closely misses you.
Okay, then.
You feel yourself speed up.
The wight hits you with a +2 vampiric war axe.
* * * LOW HITPOINT WARNING * * *
You feel drained.
* * * LOW HITPOINT WARNING * * *
The wight hits you with a +5 flail!
You die...

#.# #....#.... #.#
#.....#.#..#.##. #.#
#.....#.##.#.### #.#
#[....#.##.#.# # #[#
#.....#.##.#.# # #.#
#.....#.##.#.### #.#########
#.....#.##.#...#
#.##......#######.....#.##.###.#
#..[...........Yz.).....##.# #.#
####.....[......z..........# #.#
#......##.....).######### #.#
#......##.#####.##....[# #.#
###'#####.#####'##'##.#####'#
#.# #...........#........
#.##########......#........
#.................#...)....
###################........


You could see 2 wights.

Vanquished Creatures
  Pikel (D:7)
  Sigmund (D:5)
  2 steam dragons (D:6)
  Edmund (D:4)
  2 black bears
  2 orc warriors (D:7)
  A sky beast (D:6)
  5 ogres
  4 lemures (D:7)
  A phantom (D:4)
  A necrophage (D:5)
  2 scorpions
  2 wights (D:7)
  A howler monkey (D:4)
  4 hounds
  2 jellies (D:5)
  A gnoll bouda (D:7)
  An orc priest (D:7)
  5 iguanas
  Ijyb (D:5)
  2 orc wizards (D:3)
  Robin (D:1)
  10 gnolls
  4 adders
  2 shadow imps
  2 ufetubi
  A worm (D:4)
  3 dart slugs
  11 orcs
  4 ball pythons
  7 endoplasms
  4 giant cockroaches
  19 goblins
  6 hobgoblins
  7 jackals
  2 quokkas (D:1)
  5 bats
  8 kobolds
  6 rats
144 creatures vanquished.

Vanquished Creatures (others)
  A butterfly (D:6)
  5 fungi
  33 plants
39 creatures vanquished.

Grand Total: 183 creatures vanquished

Notes
Turn   | Place    | Note
-------+----------+-------------------------------------------
     0 | D:1      | Leeroy the Merfolk Transmuter began the quest for the Orb.
     0 | D:1      | Reached XP level 1. HP: 15/15 MP: 3/3
   166 | D:1      | Reached XP level 2. HP: 21/21 MP: 5/5
   219 | D:1      | Reached skill level 4 in Unarmed Combat
   593 | D:1      | Reached XP level 3. HP: 16/26 MP: 6/6
  1277 | D:2      | Noticed Robin
  1525 | D:1      | Reached skill level 5 in Unarmed Combat
  1529 | D:1      | Learned a level 3 spell: Spider Form
  1852 | D:1      | Killed Robin
  1853 | D:1      | Reached XP level 4. HP: 24/32 MP: 5/7
  2518 | D:2      | Found a faded altar of an unknown god.
  2758 | D:2      | Found a runed translucent door.
  2759 | D:2      | Noticed Crazy Yiuf
  3570 | D:2      | Identified the +9 hammer "Vimn" {drain, Str+3}
  3767 | D:3      | Reached skill level 6 in Unarmed Combat
  3790 | D:3      | Reached XP level 5. HP: 5/37 MP: 1/8
  4180 | D:3      | Learned a level 4 spell: Ice Form
  4351 | D:4      | Reached skill level 7 in Unarmed Combat
  4351 | D:4      | Reached XP level 6. HP: 38/43 MP: 5/9
  4487 | D:4      | Noticed a black bear
  4748 | D:4      | Reached skill level 8 in Unarmed Combat
  4748 | D:4      | Reached XP level 7. HP: 46/48 MP: 7/10
  4783 | D:4      | Noticed Edmund
  4837 | D:4      | Killed Edmund
  5153 | D:5      | Entered Level 5 of the Dungeon
  5172 | D:5      | Reached skill level 9 in Unarmed Combat
  5234 | D:5      | Reached skill level 5 in Transmutations
  5253 | D:5      | Noticed Ijyb
  5257 | D:5      | Reached XP level 8. HP: 50/54 MP: 7/11
  5263 | D:5      | Killed Ijyb
  5396 | D:5      | Reached skill level 10 in Unarmed Combat
  5427 | D:5      | Found Yclas's Book Emporium.
  5467 | D:5      | Noticed Sigmund
  5495 | D:5      | Killed Sigmund
  6003 | D:5      | Learned a level 2 spell: Wereblood
  6090 | D:6      | Found a white marble altar of Elyvilon.
  6096 | D:6      | Reached skill level 11 in Unarmed Combat
  6115 | D:6      | Reached XP level 9. HP: 6/59 MP: 8/12
  6183 | D:6      | Found a sparkling altar of Nemelex Xobeh.
  6919 | D:5      | Bought an Inescapable Atlas for 352 gold pieces
  7090 | D:7      | Found a staircase to the Ecumenical Temple.
  7097 | D:7      | Noticed Pikel
  7569 | D:7      | Reached skill level 12 in Unarmed Combat
  7666 | D:7      | Killed Pikel
  7877 | Temple   | Entered the Ecumenical Temple
  8435 | D:7      | Slain by a wight

Illustrated notes

Levels and vault maps discovered:
D:1:      dpeg_arrival_water_fire, layout_basic, hex_medium,
          grunt_decor_mini_mirrors
D:2:      layout_basic, dreamdust_ecumenical_altar_hidden_monk_grotto,
          corexii_hall_statues_deadend, uniq_robin, uniq_crazy_yiuf_cottage
D:3:      layout_rooms
D:4:      layout_loops_cross, uniq_edmund
D:5:      minmay_spotlight, layout_rooms, serial_shops, nicolae_stop_n_shop_1,
          serial_bayou_lagoon_a, uniq_ijyb, uniq_sigmund
D:6:      layout_loops_ring, mainiacjoe_overflow_tiny_flanked,
          nicolae_elyvilon_peaceful_grove
D:7:      layout_basic, temple_doors_cd, uniq_pikel
Temple:   hc_temple_tempest_star

Skill      XL: |  1  2  3  4  5  6  7  8  9 |
---------------+----------------------------+-----
Unarmed Combat | 4 5 6 7 8 9 11 12 | 12.9
Transmutations | 3 5 7 9 |  9.1
Fighting       | |  1.1
Dodging        | |  2.6
Spellcasting   | |  2.0

Action                   |  1- 3 |  4- 6 |  7- 9 || total
-------------------------+-------+-------+-------++-------
Melee: Unarmed           |   139 |   159 |   213 ||   511
       Punch             |     1 |     4 |     3 ||     8
       Headbutt          |     1 |     1 |       ||     2
       Tailslap          |     1 |       |       ||     1
 Cast: Beastly Appendage |     2 |     2 |       ||     4
       Spider Form       |     1 |     9 |    24 ||    34
       Wereblood         |       |       |     3 ||     3
       Ice Form          |       |       |     1 ||     1
  Use: Potion            |     1 |       |     2 ||     3
 Stab: Sleeping          |     1 |     2 |     2 ||     5
Armor: Robe              |    32 |    12 |     4 ||    48
       Skin              |     2 |     1 |     5 ||     8
       Steam dragon scal |       |       |     3 ||     3
Dodge: Dodged            |   123 |    79 |   159 ||   361

Table legend: (Time is in decaauts)
 A = Elapsed time spent in this place.
 B = Non-inter-level travel time spent in this place.
 C = Inter-level travel time spent in this place.
 D = Time resting spent in this place.
 E = Time spent auto-exploring this place.
 F = Levels seen in this place.
 G = Mean time per level.
                   A        B        C        D        E       F      G
               +--------+--------+--------+--------+--------+-----+--------+
         Total |   8302 |   7667 |    635 |   1122 |   4593 |   8 | 1037.8 |
       Dungeon |   8067 |   7432 |    635 |   1122 |   4376 |   7 | 1152.4 |
        Temple |    234 |    234 |      0 |      0 |    217 |   1 |  234.0 |
               +--------+--------+--------+--------+--------+-----+--------+

Top non-repeatable levels by time:
     D:1: 2300 daAuts
     D:2: 1261 daAuts
     D:7: 1218 daAuts
     D:4: 885 daAuts
     D:5: 867 daAuts
     D:6: 854 daAuts
     D:3: 679 daAuts
  Temple: 234 daAuts
